cohdb
Replays
Latest Replays
All Replays
Popular Replays
Top Player Replays
Match Explorer
How It Works
Community
CoH3 Stats
Reddit
Sign in to upload your games and track your stats! →
Sign in with Steam
Match 46768689
Unlisted
Match 46768689
Overview
Messages
Build Orders
End
Selects Luftwaffe Battlegroup
Selects Luftwaffe Pioneer Support
Fallschirmpioneer Squad Paradrop
Construct Infanterie Kompanie
MG 42 Machine Gun Team
MG 42 Machine Gun Team
Construct Luftwaffe Kompanie
Selects Stuka Strafing Run
Jäger Squad
Stuka Strafing Run
Jäger Squad
Selects Fallschirmjäger Squad Paradrop
Construct Panzer Kompanie
Medical Bunker
Forward Retreat Point
Construct Panzer Kompanie
Stuka Strafing Run
Selects Fragmentation Bombs
Panzer IV Medium Tank
peace
Cicero_540
VndctL
777
Dumpster Bob
asfgdfgs
Kampfstärke
Grimauldus
0
0
Comments
sign in to comment!
No comments posted yet!